 Dungeon Crawl Stone Soup version 0.25-a0-424-g80bd347ae0 (webtiles) character file.

Game seed: 10445226113010345272, levelgen mode: deterministic

139 Lugonue the Poker (level 5, 0/66 HPs)
             Began as a Demonspawn Gladiator on Jan 21, 2020.
             Slain by a quokka skeleton (2 damage)
             ... on level 4 of the Dungeon.
             The game lasted 00:04:32 (1599 turns).

Lugonue the Poker (Demonspawn Gladiator)            Turns: 1599, Time: 00:04:33

Health: 0/66       AC: 22    Str: 13 (14) XL:     5   Next: 1%
Magic:  5/5        EV:  2    Int: 13 (14) God:
Gold:   149        SH:  0    Dex: 14 (17) Spells: 4/4 levels left

rFire    . . .     SeeInvis .   a - +1 trident
rCold    . . .     Gourm    .   (no shield)
rNeg     + + +     Faith    .   (armour currently unavailable)
rPois    +         Spirit   .   (helmet currently unavailable)
rElec    .         Reflect  .   (cloak currently unavailable)
rCorr    .         Harm     .   (gloves currently unavailable)
MR       .....     NoTele   +   (boots currently unavailable)
Stlth    ++........             (no amulet)
HPRegen  0.21/turn              (no ring)
MPRegen  0.09/turn              (no ring)

@: brilliant, agile, tree-form
A: clumsy 1, robust 1, weak 1, rot immunity, MP-powered wands
a: no special abilities


You were on level 4 of the Dungeon.
You were not hungry.
You were a tree.
You visited 1 branch of the dungeon, and saw 4 of its levels.

You collected 149 gold pieces.

Inventory:

Hand Weapons
 a - a +1 trident (weapon)
Missiles
 d - 3 throwing nets (quivered)
Armour
 b - a +0 leather armour (melded)
 c - a +0 helmet (melded)
Scrolls
 e - a scroll of remove curse
Potions
 k - a potion of degeneration
 p - a potion of heal wounds {unknown}
Comestibles
 f - 5 rations


   Skills:
 + Level 2.9 Fighting
 + Level 4.0 Polearms
 + Level 1.9 Throwing
 + Level 1.4 Armour
 + Level 3.2 Dodging
 + Level 0.3 Stealth


You had 4 spell levels left.
You didn't know any spells.
Your spell library was empty.

Dungeon Overview and Level Annotations

Branches:
Dungeon (4/15)
 Temple: D:4-7

Altars:

Annotations:
D:4 Purgy


Innate Abilities, Weirdness & Mutations

((You have sharp fingernails.))
((You are partially covered in sharp spines.))
You are immune to rotting.
You are clumsy. (Dex -2)
You are robust. (+10% HP)
You are weak. (Str -2)
You expend magic power (3 MP) to strengthen your wands.


Message History

The quokka skeleton bites you but does no damage.
Purgy bites you.
* * * LOW HITPOINT WARNING * * *
Purgy barely misses you. Purgy claws you.
* * * LOW HITPOINT WARNING * * *
You hit Purgy.
Purgy is heavily wounded.
The quokka skeleton barely misses you. Purgy bites you but does no damage.
Purgy claws you.
* * * LOW HITPOINT WARNING * * *
Purgy claws you.
* * * LOW HITPOINT WARNING * * *
The quokka skeleton bites you but does no damage.
A worm comes into view.
It was a potion of mutation.
You feel extremely strange.
You feel clumsy.
You feel robust.
You feel weaker.
You feel your magical essence link to the dungeon's wands.
Purgy bites you but does no damage. Purgy completely misses you.
Purgy claws you but does no damage. The quokka skeleton bites you.
You die...

#? .# .#####.# #
......# #.
..#..#####.
##..##.#........
....[..........w
#......ZT......
#.....<♣#
#.#..#### #. #


You could see Purgy, a worm (wandering) and a quokka skeleton.

Vanquished Creatures
  A hound (D:4)
  Ijyb (D:3)
  4 gnolls
  A dart slug (D:1)
  3 leopard geckos
  4 giant cockroaches
  3 goblins
  8 hobgoblins
  A quokka (D:2)
  2 ball pythons
  6 bats
  3 frilled lizards
  6 kobolds
  3 rats
46 creatures vanquished.

Notes
Turn   | Place    | Note
-------+----------+-------------------------------------------
     0 | D:1      | Lugonue the Demonspawn Gladiator began the quest for the
                  | Orb.
     0 | D:1      | Reached XP level 1. HP: 16/16 MP: 1/1
    34 | D:1      | Reached skill level 3 in Polearms
    53 | D:1      | Gained mutation: You are partially covered in sharp spines.
                  | [demonic ancestry]
    53 | D:1      | Reached XP level 2. HP: 21/22 MP: 2/2
   275 | D:1      | Gained mutation: You are immune to rotting. [demonic
                  | ancestry]
   275 | D:1      | Reached XP level 3. HP: 27/27 MP: 3/3
   555 | D:1      | Reached skill level 1 in Armour
  1055 | D:2      | Gained mutation: You have sharp fingernails. [demonic
                  | ancestry]
  1055 | D:2      | Reached XP level 4. HP: 21/33 MP: 4/4
  1338 | D:3      | Noticed Ijyb
  1362 | D:3      | Killed Ijyb
  1584 | D:4      | Noticed Purgy
  1588 | D:4      | Reached skill level 4 in Polearms
  1588 | D:4      | Reached XP level 5. HP: 7/40 MP: 5/5
  1598 | D:4      | HP: 2/60 [Purgy (3)]
  1599 | D:4      | Gained mutation: You are clumsy. (Dex -2) [potion of
                  | mutation]
  1599 | D:4      | Gained mutation: You are robust. (+10% HP) [potion of
                  | mutation]
  1599 | D:4      | Gained mutation: You are weak. (Str -2) [potion of
                  | mutation]
  1599 | D:4      | Gained mutation: You expend magic power (3 MP) to
                  | strengthen your wands. [potion of mutation]
  1599 | D:4      | Slain by a quokka skeleton

Levels and vault maps discovered:
D:1:      scummos_arrival_hexagon, layout_rooms
D:2:      layout_rooms, serial_glass, glass_columns_c, glass_columns_a,
          first_ration
D:3:      layout_loops_ring, chequers_temple_overflow_statue_of_worship,
          uniq_ijyb
D:4:      layout_loops_cross, lemuel_round_altar, elyvilon_altar_4,
          amethyst_overflow_temple_binary, minmay_temple_entry_waves,
          uniq_purgy, uniq_sigmund

Skill      XL: |  1  2  3  4 |
---------------+-------------+-----
Polearms       | 3 4 |  4.0
Dodging        | 3 |  3.2
Armour         | 1 |  1.4
Fighting       | |  2.9
Throwing       | |  1.9
Stealth        | |  0.3

Action                   |  1- 3 |  4- 6 || total
-------------------------+-------+-------++-------
Melee: Trident           |   101 |    53 ||   154
  Use: Scroll            |     3 |     4 ||     7
       Potion            |       |     9 ||     9
  Eat: Chunk             |       |     2 ||     2
Armor: Leather armour    |     9 |     7 ||    16
       Skin              |       |    25 ||    25
Dodge: Dodged            |    62 |    27 ||    89

Table legend:
 A = Non-vault XP
 B = Vault XP
 C = Vault XP percentage of total XP
 D = Non-vault monster count
 E = Vault monster count
 F = Vault count percentage of total count
                 A         B        C        D         E       F
            +---------+---------+-------+---------+---------+-------
      Total |     163 |      36 |  18.1 |      45 |       1 |   2.2
            +---------+---------+-------+---------+---------+-------
        D:1 |      70 |       0 |   0.0 |      26 |       0 |   0.0
        D:2 |      38 |       0 |   0.0 |      15 |       0 |   0.0
        D:3 |      15 |      36 |  70.6 |       3 |       1 |  25.0
        D:4 |      40 |       0 |   0.0 |       1 |       0 |   0.0
            +---------+---------+-------+---------+---------+-------
